Map: Rorschach LE

Players

Altik - Winner!

  • Race: Protoss Protoss
  • League: Diamond

TheDuke

  • Race: Zerg Zerg
  • League: Diamond

VOD

Have the link to the VOD?

Description

Time

  • Played on: Aug. 6, 2026, 10:11 a.m.
  • Length: 10:52
Show
View Real Time Build Order
Export as new Build Order

Altik Protoss - Winner!

Build Orders: Chargelot Immortal 

Get SALT Encoding   

  8  0:00  Probe (Chrono Boost)  
  9  0:13  Probe (Chrono Boost)  
  10  0:21  Probe (Chrono Boost)  
  11  0:27  Probe  
  12  0:37  Pylon  
  12  0:39  Probe  
  13  0:55  Probe  
  14  1:01  Gateway  
  14  1:08  Probe  
  15  1:13  Assimilator  
  15  1:20  Probe (Chrono Boost)  
  16  1:31  Probe (Chrono Boost)  
  17  1:34  Pylon  
  17  1:36  Probe (Chrono Boost)  
  18  1:46  Probe  
  19  1:58  Probe  
  20  2:04  Nexus  
  20  2:11  Cybernetics Core  
  20  2:20  Probe  
  21  2:23  Pylon  
  21  2:31  Gateway  
  21  2:41  Zealot, Probe  
  24  2:45  Assimilator  
  24  2:53  Probe  
  25  3:05  Probe  
  25  3:08  Adept  
  27  3:18  Probe (Chrono Boost)  
  30  3:20  Zealot  
  30  3:22  Stargate  
  30  3:24  Probe (Chrono Boost)  
  31  3:33  Probe (Chrono Boost), Pylon  
  33  3:34  Probe (Chrono Boost)  
  33  3:37  Probe (Chrono Boost)  
  33  3:39  Probe (Chrono Boost)  
  33  3:40  Warp Gate (Chrono Boost)  
  34  3:47  Probe  
  36  3:51  Probe  
  36  3:54  Zealot  
  39  4:03  Probe  
  39  4:06  Void Ray  
  39  4:09  Probe  
  45  4:14  Gateway  
  45  4:22  Probe, Twilight Council  
  46  4:33  Probe  
  43  4:41  Probe  
  43  4:45  Pylon  
  44  4:47  Pylon  
  44  4:49  Pylon  
  44  4:51  Zealot x2  
  48  4:59  Pylon  
  48  5:03  Void Ray  
  54  5:15  Nexus  
  54  5:17  Pylon  
  54  5:18  Charge (Chrono Boost)  
  54  5:20  Zealot x2  
  56  5:29  Zealot  
  58  5:36  Probe  
  58  5:37  Probe  
  58  5:38  Zealot  
  58  5:39  Zealot  
  64  5:48  Probe  
  64  5:49  Probe  
  66  5:53  Zealot x2  
  66  5:54  Zealot  
  72  5:59  Pylon  
  72  6:00  Probe  
  73  6:06  Zealot  
  73  6:07  Zealot  
  77  6:15  Probe x2  
  79  6:19  Assimilator  
  79  6:21  Assimilator  
  79  6:23  Robotics Facility  
  79  6:26  Robotics Facility  
  79  6:34  Zealot x2  
  79  6:35  Sentry  
  75  7:01  Zealot x3  
  69  7:13  Immortal (Chrono Boost)  
  73  7:18  Probe  
  73  7:19  Probe  
  73  7:20  Zealot x3  
  81  7:23  Shield Battery  
  81  7:25  Shield Battery  
  81  7:26  Pylon  
  81  7:29  Immortal (Chrono Boost)  
  81  7:33  Zealot x2  
  89  7:42  Gateway  
  89  7:47  Gateway  
  89  7:48  Immortal (Chrono Boost)  
  93  7:51  Zealot  
  93  7:55  Robotics Bay  
  95  7:59  Probe x3  
  98  8:08  Zealot x3  
  104  8:17  Immortal  
  108  8:21  Pylon  
  108  8:22  Probe x2  
  108  8:23  Pylon  
  110  8:30  Immortal  
  110  8:31  Sentry  
  110  8:33  Sentry  
  118  8:45  Pylon  
  118  8:47  Pylon  
  118  8:50  Pylon, Extended Thermal Lance  
  118  8:54  Colossus (Chrono Boost)  
  118  8:59  Probe  
  118  9:00  Probe x2  
  127  9:11  Probe  
  127  9:12  Probe x2  
  127  9:14  Templar Archives  
  130  9:17  Pylon  
  130  9:24  Probe x2  
  130  9:25  Probe  
  130  9:31  Colossus (Chrono Boost)  
  139  9:34  Pylon  
  139  9:36  Pylon, Probe x2  
  141  9:46  Colossus  
  141  9:47  Zealot  
  141  9:48  Zealot  
  151  9:59  Probe x2  
  153  10:00  Probe  
  153  10:01  Forge x2  
  153  10:02  Assimilator  
  153  10:06  Assimilator  
  154  10:16  Zealot x3  
  154  10:17  Stalker x2  
Show
View Real Time Build Order
Export as new Build Order

TheDuke Zerg 

Build Orders: Pool First 

Get SALT Encoding   

  8  0:00  Drone  
  9  0:12  Drone  
  10  0:21  Overlord  
  10  0:27  Drone  
  11  0:33  Drone  
  12  0:40  Drone  
  13  0:43  Drone  
  14  0:52  Drone  
  15  1:01  Drone  
  16  1:11  Drone  
  17  1:28  Extractor, Spawning Pool  
  17  1:30  Drone  
  17  1:31  Drone  
  17  1:42  Drone  
  18  1:47  Hatchery  
  17  1:57  Drone  
  17  2:01  Overlord  
  18  2:12  Drone  
  19  2:18  Queen  
  19  2:20  Overlord  
  21  2:32  Zergling x2  
  22  2:40  Drone  
  22  2:43  Metabolic Boost  
  23  2:51  Zergling x2  
  24  3:00  Queen  
  26  3:14  Hatchery, Drone  
  26  3:15  Drone  
  27  3:25  Drone x3  
  30  3:36  Extractor  
  30  3:37  Lair  
  29  3:43  Overlord  
  29  3:44  Drone  
  29  3:47  Drone  
  31  3:55  Roach Warren  
  30  4:06  Zergling x2  
  30  4:07  Zergling x6  
  34  4:21  Queen  
  34  4:23  Zergling x2  
  38  4:24  Zergling x2  
  37  4:38  Drone x4  
  41  4:47  Nydus Network  
  40  5:04  Drone  
  40  5:05  Drone x2, Hydralisk Den  
  42  5:16  Overlord x2  
  42  5:32  Overlord x2  
  42  5:36  Drone x5  
  42  5:38  Drone  
  48  5:44  Grooved Spines  
  48  5:46  Glial Reconstitution  
  48  5:48  Drone  
  49  5:51  Drone  
  50  6:10  Drone  
  54  6:11  Drone x9  
  61  6:18  Roach  
  61  6:19  Roach x2  
  61  6:21  Hydralisk  
  67  6:27  Overlord  
  67  6:28  Overlord  
  67  6:45  Hydralisk x7  
  76  6:59  Hydralisk x2  
  76  7:00  Hydralisk  
  74  7:12  Hatchery  
  73  7:30  Extractor, Queen x2  
  76  7:40  Hydralisk  
  76  7:43  Overlord x3  
  78  7:46  Hatchery  
  77  8:03  Hydralisk  
  77  8:04  Hydralisk x5  
  90  8:13  Muscular Augments  
  90  8:18  Overseer  
  90  8:25  Drone  
  90  8:26  Drone x5  
  90  8:27  Extractor, Queen x2  
  99  8:35  Overlord  
  99  8:36  Overlord  
  99  8:47  Drone x2  
  99  8:48  Drone  
  102  8:58  Overlord x2  
  102  8:59  Hydralisk, Evolution Chamber  
  102  9:00  Hydralisk  
  102  9:01  Evolution Chamber  
  104  9:14  Drone  
  104  9:15  Drone x7  
  112  9:17  Hatchery  
  112  9:23  Hydralisk  
  111  9:24  Hydralisk x2  
  111  9:30  Drone  
  111  9:31  Drone x4  
  122  9:34  Extractor  
  122  9:46  Hatchery  
  122  9:51  Hydralisk  
  122  9:52  Hydralisk x7  
  137  10:02  Extractor  
  136  10:16  Hydralisk  
  136  10:19  Overlord x6  
  138  10:25  Nydus Canal  
  138  10:26  Nydus Network  
Tags
 
Add a new tag
Caveats
  • Supply blocks, unpowered buildings, or Contaminate may cause inaccurate times.
  • Supply counts are checked every 10 seconds.